 Dungeon Crawl Stone Soup version 0.20-a0-641-g673355a (webtiles) character file.

43005 Kiturien the Severer (level 14, 0/134 (135) HPs)
             Began as a Hill Orc Fighter on Feb 13, 2017.
             Was a High Priest of Qazlal.
             Succumbed to a death drake's foul vapour
             ... on level 1 of the Elven Halls.
             The game lasted 01:01:47 (16322 turns).

Kiturien the Severer (Hill Orc Fighter)            Turns: 16322, Time: 01:01:47

HP:   0/134 (135)   AC: 22    Str: 24    XL:     14   Next: 22%
MP:   14/14         EV:  7    Int:  8    God:    Qazlal [*****.]
Gold: 1172          SH: 22    Dex: 10    Spells: 13/13 levels left

rFire    + . .     SeeInvis .   I - +2 broad axe (drain)
rCold    + + +     Gourm    .   o - +2 plate armour {rC+}
rNeg     . . .     Faith    .   L - +2 shield {rF+}
rPois    +         Spirit   .   u - +1 helmet
rElec    .         Reflect  .   t - +0 cloak
rCorr    .         Harm     .   (no gloves)
MR       +....                  v - +0 pair of boots
Stlth    ..........             A - amulet of magic regeneration
Regen    0.4/turn               M - ring of poison resistance
MPRegen  0.3/turn               x - ring of stealth

@: lethally poisoned (0 -> -20), slowed, repel missiles, very slow
A: cold resistance 2
a: Upheaval, Elemental Force, Disaster Area, Renounce Religion


You were on level 1 of the Elven Halls.
You worshipped Qazlal.
Qazlal was extremely pleased with you.
You were not hungry.

You visited 4 branches of the dungeon, and saw 15 of its levels.

You collected 1403 gold pieces.
You spent 231 gold pieces at shops.

Inventory:

Hand Weapons
 a - a +0 war axe
 H - a +2 hand axe of flaming
 I - a +2 broad axe of draining (weapon)
 K - a +0 war axe of holy wrath
Armour
 o - a +2 plate armour of cold resistance (worn)
 t - a +0 cloak (worn)
 u - a +1 helmet (worn)
 v - a +0 pair of boots (worn)
 F - the +1 chain mail "Latuetuc" {rF- rC++ Str+4 SInv}
   (You found it on level 1 of the Elven Halls)

   It affects your strength (+4).
   It makes you vulnerable to fire.
   It greatly protects you from cold.
   It lets you see invisible.
 L - a +2 shield of fire resistance (worn)
 N - a +2 scale mail of poison resistance
Jewellery
 x - a ring of stealth (left hand)
 A - an amulet of magic regeneration (around neck)
 M - a ring of poison resistance (right hand)
Wands
 c - a wand of disintegration (10/24)
 k - a wand of confusion (3/48)
 n - a wand of digging (9/24)
 D - a wand of disintegration (10/24)
Scrolls
 h - 3 scrolls of teleportation
 i - a scroll of fog
 w - a scroll of magic mapping
Potions
 d - a potion of might
 e - a potion of berserk rage
 g - 2 potions of mutation
 j - 4 potions of agility
 l - 3 potions of brilliance
 r - 3 potions of cancellation
 z - a potion of curing
 B - a potion of haste {unknown}
 C - a potion of invisibility
 E - 3 potions of flight
 G - a potion of magic {unknown}
Books
 b - a book of Flames

   Spells                             Type                      Level
   a - Flame Tongue                   Conjuration/Fire             1
   b - Throw Flame                    Conjuration/Fire             2
   c - Conjure Flame                  Conjuration/Fire             3
   d - Inner Flame                    Hexes/Fire                   3
   e - Sticky Flame                   Conjuration/Fire             4
   f - Fireball                       Conjuration/Fire             5
 q - a book of Air

   Spells                             Type                      Level
   a - Shock                          Conjuration/Air              1
   b - Swiftness                      Charms/Air                   2
   c - Static Discharge               Conjuration/Air              3
   d - Airstrike                      Air                          4
   e - Lightning Bolt                 Conjuration/Air              5
Comestibles
 f - 12 bread rations
 m - 4 fruits
 p - 4 meat rations
 s - 3 royal jellies


   Skills:
 * Level 15.5 Fighting
 + Level 18.0 Axes
 + Level 10.5 Armour
 - Level 1.7 Dodging
 + Level 12.0 Shields


You had 13 spell levels left.
You didn't know any spells.

Dungeon Overview and Level Annotations

Branches:
Dungeon (11/15)            Temple (1/1) D:4            Lair (0/6) D:8
    Orc (2/2) D:11            Elf (1/3) Orc:2

Altars:
Ashenzari
Cheibriados
Dithmenos
Elyvilon
Fedhas
Gozag
Kikubaaqudgha
Makhleb
Nemelex Xobeh
Okawaru
Qazlal
Ru
Sif Muna
Trog
Uskayaw
Vehumet
Xom
Yredelemnul
Zin
The Shining One
Beogh

Shops:
D:6 }   D:7 (   Orc:2 *?=:


Innate Abilities, Weirdness & Mutations

Your flesh is very cold resistant. (rC++)


Message History

You block the hippogriff's attack.
The deep elf archer seems less brilliant.
The hippogriff is engulfed in blazing flames.
You block the hippogriff's attack.
The hippogriff pecks you but does no damage.
The hippogriff claws you but does no damage.
The deep elf archer is empowered by the deep elf high priest's aura!
The hippogriff is engulfed in blazing flames.
You block the hippogriff's attack. x2; The hippogriff completely misses you.
The hippogriff changes into a death drake!
The deep elf archer seems less brilliant.
The death drake is engulfed in blazing flames.
The deep elf mage is empowered by something's aura!
The deep elf archer is empowered by something's aura!
The death drake breathes miasma at you. The foul vapour engulfs you!
You are lethally poisoned!
You feel your flesh rotting away!
* * * LOW HITPOINT WARNING * * *
You die...

...((.###((().....# #.# #.......
(..(.e(e((((((....####e###.....).
(...e.###)........#...).##.......
#.....# #........##(e...##.......
#+##..# #+#.....##.e.....###...#'
##### ###.####...e...# ###### #.#
### #.......# # ## ######k....##
#§§@§§.§§..# #§########.## #.#
#..# #.# ##.## #.# #..# #.# ##.##
#.##########..# #.#.........#.#
#.............#


You could see a death drake shaped shifter.

Vanquished Creatures
  2 orc warlords
  The ghost of Execuda the Earth Mage, a journeyman GrEE of Vehumet (D:10)
  A deep elf annihilator (Elf:1)
  A deep elf demonologist (Elf:1)
  A deep elf high priest (Elf:1)
  6 dancing weapons (Elf:1)
  An orc high priest (Elf:1)
  5 deep elf knights (Elf:1)
  Pikel (D:8)
  5 deep elf archers (Elf:1)
  22 deep elf magi (Elf:1)
  5 orc knights
  4 orc sorcerers
  A cyclops (Orc:1)
  Psyche (D:8)
  A gargoyle (D:10)
  A centaur skeleton (D:11)
  6 trolls
  Grinder (D:4)
  Sigmund (D:6)
  A wraith (D:10)
  A wyvern (D:9)
  3 yaks (D:9)
  A water elemental (Elf:1)
  A fire elemental (Elf:1)
  7 wargs
  50 orc warriors
  4 ice beasts
  20 ogres
  An eye of draining (D:10)
  3 phantoms
  4 centaurs
  6 big kobolds
  8 bullfrogs
  6 gnoll sergeants
  A water moccasin zombie (D:9)
  A wyvern skeleton (D:10)
  2 scorpions
  10 killer bees
  A howler monkey (D:10)
  5 crimson imps
  A bullfrog zombie (D:5)
  A hound (D:10)
  A jelly (D:11)
  10 orc priests
  15 orc wizards
  3 bullfrog skeletons
  2 iguanas
  6 worker ants
  A killer bee zombie (D:5)
  Robin (D:3)
  9 gnolls
  3 adders
  A shadow imp (D:9)
  2 oozes (D:3)
  3 adder zombies
  An adder skeleton (D:4)
  6 worms
  7 leopard geckos
  95 orcs
  6 giant cockroaches
  12 goblins
  8 hobgoblins
  8 jackals
  7 kobolds
  4 quokkas
  2 ball pythons
  A ball python skeleton (D:4)
  6 bats
  7 frilled lizards
  3 rats
  2 fungi (D:7)
437 creatures vanquished.

Vanquished Creatures (others)
  A human (D:3)
  2 slaves (D:8)
  Blork the orc (D:6)
  An orc wizard (Elf:1)
  An orc (Elf:1)
6 creatures vanquished.

Grand Total: 443 creatures vanquished

Notes
Turn   | Place    | Note
-------+----------+-------------------------------------------
     0 | D:1      | Kiturien the Hill Orc Fighter began the quest for the Orb.
     0 | D:1      | Reached XP level 1. HP: 19/19 MP: 1/1
   468 | D:1      | Reached XP level 2. HP: 27/27 MP: 2/2
  1037 | D:2      | Reached skill level 3 in Axes
  1045 | D:2      | Found a shimmering altar of Xom.
  1458 | D:2      | Reached XP level 3. HP: 32/33 MP: 3/3
  1895 | D:3      | Reached XP level 4. HP: 27/40 MP: 4/4
  1930 | D:3      | Reached skill level 4 in Axes
  2047 | D:3      | Found an ancient bone altar of Kikubaaqudgha.
  2048 | D:3      | Noticed a human
  2051 | D:3      | Killed a human
  2425 | D:3      | Noticed Robin
  2429 | D:3      | Reached XP level 5. HP: 38/47 MP: 5/5
  2438 | D:3      | Killed Robin
  2796 | D:4      | Found an opulent altar of Gozag.
  2822 | D:4      | Found an opulent altar of Gozag.
  2822 | D:4      | Found a sparkling altar of Nemelex Xobeh.
  2848 | D:4      | Noticed Grinder
  2872 | D:4      | Paralysed by Grinder for 3 turns
  2914 | D:5      | Entered Level 5 of the Dungeon
  2925 | D:5      | Reached skill level 5 in Fighting
  2927 | D:5      | Reached skill level 5 in Axes
  2932 | D:5      | Reached XP level 6. HP: 13/56 MP: 6/6
  3380 | D:5      | Reached XP level 7. HP: 12/61 MP: 7/7
  3684 | D:5      | Reached skill level 6 in Axes
  3897 | D:5      | Reached skill level 5 in Shields
  4196 | D:6      | Noticed Sigmund
  4217 | D:6      | Killed Sigmund
  4217 | D:6      | Reached skill level 7 in Axes
  4217 | D:6      | Reached skill level 5 in Armour
  4217 | D:6      | Reached XP level 8. HP: 67/70 MP: 8/8
  4345 | D:6      | Found Zeos's Gadget Shoppe.
  4526 | D:6      | Noticed Blork the orc
  4546 | D:6      | Killed Blork the orc
  4546 | D:6      | Reached skill level 8 in Axes
  4956 | D:7      | Found Amemn's Antique Weapon Shoppe.
  5308 | D:7      | Reached skill level 9 in Axes
  5900 | D:7      | Reached XP level 9. HP: 75/79 MP: 9/9
  5940 | D:7      | Found a sacrificial altar of Ru.
  6921 | D:8      | Noticed Psyche
  6921 | D:8      | Noticed Pikel
  7095 | D:4      | Paralysed by Grinder for 3 turns
  7103 | D:4      | Killed Grinder
  7103 | D:4      | Reached skill level 10 in Axes
  7103 | D:4      | Reached skill level 1 in Dodging
  7172 | D:4      | Found a staircase to the Ecumenical Temple.
  7182 | Temple   | Entered the Ecumenical Temple
  7308 | D:4      | Found a hide-covered altar of Uskayaw.
  7640 | D:4      | Found a stormy altar of Qazlal.
  7654 | D:4      | Became a worshipper of Qazlal Stormbringer
  7736 | D:4      | Found a bloodstained altar of Trog.
  7737 | D:4      | Found an iron altar of Okawaru.
  7917 | D:8      | Killed Pikel
  8156 | D:8      | Killed Psyche
  8156 | D:8      | Reached skill level 11 in Axes
  8156 | D:8      | Reached XP level 10. HP: 85/90 MP: 10/10
  8210 | D:8      | Found a deep blue altar of Sif Muna.
  8330 | D:8      | Found a staircase to the Lair.
  8483 | D:8      | Found a glowing golden altar of the Shining One.
  8636 | D:7      | Bought a runed broad axe for 231 gold pieces
  8644 | D:7      | Gained mutation: Your flesh is cold resistant. (rC+) [potion of mutation]
  8644 | D:7      | Gained mutation: Your flesh is very cold resistant. (rC++) [potion of mutation]
  9162 | D:9      | Reached * piety under Qazlal
  9739 | D:10     | Entered Level 10 of the Dungeon
  9739 | D:10     | Noticed a gargoyle
  9749 | D:10     | Killed a gargoyle
  9749 | D:10     | Reached skill level 12 in Axes
  9751 | D:10     | Noticed Execuda's ghost (journeyman GrEE)
  9916 | D:10     | Killed Execuda's ghost
  9916 | D:10     | Reached skill level 10 in Fighting
 10183 | D:10     | Reached XP level 11. HP: 87/101 MP: 11/11
 10193 | D:10     | Reached skill level 13 in Axes
 10322 | D:10     | Reached ** piety under Qazlal
 10397 | D:10     | Found a sparkling altar of Nemelex Xobeh.
 10836 | D:11     | Found a staircase to the Orcish Mines.
 11024 | Orc:1    | Entered Level 1 of the Orcish Mines
 11201 | Orc:1    | Reached *** piety under Qazlal
 11537 | Orc:2    | Entered Level 2 of the Orcish Mines
 11538 | Orc:2    | Found a bloodstained altar of Trog.
 11550 | Orc:2    | Reached skill level 14 in Axes
 11890 | Orc:2    | Noticed an orc knight
 11902 | Orc:2    | Noticed an orc knight
 11927 | Orc:2    | Reached **** piety under Qazlal
 11951 | Orc:1    | Killed an orc knight
 12089 | Orc:2    | Killed an orc knight
 12089 | Orc:2    | Reached XP level 12. HP: 73/112 MP: 12/12
 12464 | Orc:1    | Noticed an orc warlord
 12685 | D:11     | Killed an orc warlord
 12685 | D:11     | Reached skill level 15 in Axes
 12699 | Orc:1    | Reached skill level 10 in Shields
 13122 | Orc:2    | Found a roughly hewn altar of Beogh.
 13155 | Orc:2    | Found Hocon's Book Emporium.
 13155 | Orc:2    | Found Soqoro's Jewellery Boutique.
 13280 | Orc:2    | Reached ***** piety under Qazlal
 13353 | Orc:2    | Noticed an orc warlord
 13433 | Orc:1    | Killed an orc warlord
 13764 | Orc:2    | Reached skill level 16 in Axes
 13884 | Orc:2    | Found Xysmah's Magic Scroll Emporium.
 13884 | Orc:2    | Found Nesk's Assorted Antiques.
 13959 | Orc:2    | Found a staircase to the Elven Halls.
 14286 | Elf:1    | Entered Level 1 of the Elven Halls
 14294 | Elf:1    | Reached XP level 13. HP: 110/123 MP: 13/13
 14391 | Elf:1    | Noticed a deep elf annihilator
 14431 | Elf:1    | Killed a deep elf annihilator
 14469 | Elf:1    | Reached skill level 10 in Armour
 14811 | Elf:1    | Reached skill level 17 in Axes
 15184 | Elf:1    | Got a crude chain mail
 15195 | Elf:1    | Identified the +1 chain mail "Latuetuc" {rF- rC++ Str+4 SInv} (You found it on level 1 of the Elven Halls)
 15235 | Elf:1    | Noticed a deep elf high priest
 15248 | Elf:1    | Killed a deep elf high priest
 15257 | Elf:1    | Noticed a deep elf high priest
 15595 | Elf:1    | Reached skill level 15 in Fighting
 15651 | Elf:1    | Reached XP level 14. HP: 122/135 MP: 14/14
 16235 | Elf:1    | Noticed a deep elf demonologist
 16241 | Elf:1    | Killed a deep elf demonologist
 16248 | Elf:1    | Reached skill level 18 in Axes
 16301 | Elf:1    | HP: 6/135 [deep elf high priest/divine providence (8)]
 16321 | Elf:1    | HP: 3/134 [death drake (shapeshifter)/foul vapour (15)]
 16322 | Elf:1    | Succumbed to a death drake's foul vapour

Vault maps used:
D:1:      dpeg_arrival_concentric_ovals, kennysheep_decorative_pillar,
          kennysheep_nondescript
D:2:      xom_butterflies, first_bread, minmay_door_square, dk_noncrumbling_2
D:3:      tgw_kikubaaqudgha, uniq_robin
D:4:      grunt_temple_overflow_opulence, kennysheep_mini_moat,
          lemuel_crystal_altar, grunt_temple_overflow_bloody_war,
          temple_fountains, grunt_gozag_statues, uniq_grinder
D:5:      grunt_ministairs_14
D:6:      serial_shops, shop, uniq_sigmund, uniq_blork_the_orc
D:7:      serial_shops, nicolae_shop_competitors_out_of_business,
          nicolae_ru_the_path_less_chosen
D:8:      nicolae_overflow_hidden_temple, marbit_many_paths, lair_entry_dummy,
          basic_altar, uniq_psyche, uniq_pikel
D:10:     nemelex_diamond_rough_becter
D:11:     kennysheep_orc_monster_closet_entryway
Temple:   minmay_freezing_vapour_temple
Orc:2:    st_orc_town, bloody_trog
Elf:1:    eino_elf_arrival_the_gate, orc_legates, spider_trap

Skill      XL: |  1  2  3  4  5  6  7  8  9 10 11 12 13 14 |
---------------+-------------------------------------------+-----
Fighting       | 4 5 6 7 8 10 12 13 15 | 15.5
Axes           | 3 4 5 7 9 11 12 14 16 17 18 | 18.0
Shields        | 4 5 6 7 8 9 10 11 12 | 12.0
Armour         | 4 5 7 8 9 10 | 10.5
Dodging        | 1 |  1.7

Action                   |  1- 3 |  4- 6 |  7- 9 | 10-12 | 13-15 || total
-------------------------+-------+-------+-------+-------+-------++-------
Melee: War axe           |   118 |   206 |   435 |    36 |       ||   795
       Broad axe         |       |       |       |   690 |   258 ||   948
  Use: Scroll            |     3 |     1 |     1 |    15 |     4 ||    24
       Potion            |       |       |     3 |     2 |     2 ||     7
  Eat: Chunk             |     2 |     5 |    17 |    21 |     2 ||    47
       Bread ration      |       |       |       |       |     1 ||     1
Armor: Scale mail        |    18 |       |       |       |       ||    18
       Plate armour      |    79 |   129 |   259 |   200 |    73 ||   740
       Skin              |       |       |    33 |       |       ||    33
       Chain mail        |       |       |       |     9 |       ||     9
Dodge: Dodged            |    39 |    37 |    74 |    91 |    45 ||   286
       Deflected         |       |       |       |     4 |    19 ||    23
Block: Shield            |    78 |   120 |   230 |   435 |   221 ||  1084
